 Dungeon Crawl Stone Soup version 0.17-a0-1701-gf693a3f (webtiles) character file.

1414 achirane the Thaumaturge (level 8, -4/41 HPs)
             Began as a Deep Elf Fire Elementalist on Aug 21, 2015.
             Was a Believer of Sif Muna.
             Slain by a killer bee (8 damage)
             ... on level 6 of the Dungeon.
             The game lasted 01:01:55 (7237 turns).

achirane the Thaumaturge (DEFE)                     Turns: 7237, Time: 01:01:55

Health: -4/41      AC:  6    Str:  5    XL:     8   Next: 43%
Magic:  16/22      EV: 13    Int: 23    God:    Sif Muna [**....]
Gold:   301        SH:  0    Dex: 15    Spells: 5 memorised, 9 levels left

rFire  . . .     SeeInvis .     q - +4 spear
rCold  + . .     Clarity  .     a - +0 robe
rNeg   . . .     SustAt   .     (no shield)
rPois  +         Gourm    .     B - +0 helmet
rElec  .         Spirit   .     z - +1 cloak {rPois}
rCorr  .         Warding  .     (no gloves)
rMut   .         Stasis   .     p - +0 pair of boots
MR     .....                    (no amulet)
Stlth  ++........               D - ring of wizardry
                                u - ring of protection from cold

@: not resistant to hostile enchantments, unstealthy
A: no striking features
a: Channel Energy, Forget Spell, Renounce Religion


You were on level 6 of the Dungeon.
You worshipped Sif Muna.
Sif Muna was pleased with you.
You were not hungry.

You visited 2 branches of the dungeon, and saw 7 of its levels.

You collected 301 gold pieces.

Inventory:

Hand weapons
 f - a +0 club
 q - a +4 spear (weapon)
 r - a +3 spear
 y - a +4 quarterstaff of chaos
Missiles
 h - 14 arrows of frost
 k - 226 stones
 L - 2 javelins (quivered)
Armour
 a - a +0 robe (worn)
 p - a +0 pair of boots (worn)
 z - a +1 cloak of poison resistance (worn)
 B - a +0 helmet (worn)
 F - a +1 chain mail of cold resistance
Jewellery
 u - a ring of protection from cold (left hand)
 D - a ring of wizardry (right hand)
Magical devices
 n - a wand of fireball (11)
 H - a wand of lightning (6)
 I - a wand of fire (7)
Scrolls
 e - a scroll of blinking
 i - a scroll of teleportation {unknown}
 s - 2 scrolls of random uselessness {unknown}
 t - 2 scrolls of remove curse
 v - 4 scrolls of immolation {unknown}
 K - a scroll of fear {unknown}
Potions
 g - 2 potions of flight
 j - a potion of beneficial mutation {unknown}
 m - a potion of invisibility {unknown}
 o - 3 potions of curing
 w - a potion of heal wounds {unknown}
 x - a potion of degeneration {unknown}
 A - a potion of ambrosia {unknown}
 C - a potion of lignification {unknown}
 E - 2 potions of haste {unknown}
Books
 b - a book of Flames

   Spells                             Type                      Level
   a - Flame Tongue                   Conjuration/Fire             1
   b - Throw Flame                    Conjuration/Fire             2
   c - Conjure Flame                  Conjuration/Fire             3
   d - Inner Flame                    Hexes/Fire                   3
   e - Sticky Flame                   Conjuration/Fire             4
   f - Fireball                       Conjuration/Fire             5
Comestibles
 c - 6 bread rations
 d - 4 slices of pizza
 l - 2 meat rations
 G - 14 chunks of flesh
 J - a beef jerky


   Skills:
 - Level 2.4 Dodging
 - Level 2.4 Stealth
 + Level 8.9 Spellcasting
 - Level 6.9 Conjurations
 - Level 6.6 Fire Magic


You had 9 spell levels left.
You knew the following spells:

 Your Spells              Type           Power        Failure   Level  Hunger
a - Flame Tongue          Conj/Fire      #####        1%          1    None
b - Throw Flame           Conj/Fire      #####.       1%          2    None
c - Conjure Flame         Conj/Fire      #####...     1%          3    None
d - Sticky Flame          Conj/Fire      #####...     1%          4    ##.....
e - Fireball              Conj/Fire      #####.....   4%          5    ####...


Dungeon Overview and Level Annotations

Branches:
Dungeon (6/15)             Temple (1/1) D:4

Altars:
Cheibriados
Dithmenos
Elyvilon
Kikubaaqudgha
Makhleb
Nemelex Xobeh
Qazlal
Ru
Sif Muna
Trog
Vehumet
Yredelemnul
Zin

Shops:
D:4 (

Annotations:
D:5 exclusion: crimson imp


Message History

The killer bee stings you.
You are poisoned.
The killer bee poisons you!
You feel sick. The killer bee barely misses you. The killer bee misses you.
You feel sick.
The killer bee stings you but does no damage.
The killer bee misses you. The killer bee stings you. x2
* * * LOW HITPOINT WARNING * * *
The teleport trap disappears.
The killer bee disappears!
You feel sick. The killer bee stings you.
* * * LOW HITPOINT WARNING * * *
The killer bee stings you.
* * * LOW HITPOINT WARNING * * *
The killer bee misses you.
Drink which item? (? for menu, Esc to quit)
You feel better. The killer bee stings you.
* * * LOW HITPOINT WARNING * * *
The killer bee stings you!
You die...

######## #......###
###........###
.......>....#
#.........y#########
#.........y@.......#
#......#..y#######.####
#.....................#
#.†#.............####.#
##§##......###..#####.#
#. ###...##....# #...#
#. #.........# #...# ..
#.........# #...# ..
###....).####...#


You could see 3 killer bees.

Vanquished Creatures
  Eustachio (D:4)
  A wyvern (D:4)
  The ghost of karlkraus the Shield-Bearer, an average MiFi (D:3)
  A centaur (D:4)
  An ogre (D:6)
  A giant frog (D:6)
  A scorpion (D:6)
  2 killer bees (D:6)
  A jelly (D:5)
  An orc priest (D:4)
  A hound (D:4)
  Crazy Yiuf (D:3)
  Ijyb (D:2)
  5 orc wizards
  A giant frog skeleton (D:4)
  5 worker ants
  An iguana (D:5)
  A hound zombie (D:5)
  A hound skeleton (D:5)
  4 gnolls (D:3)
  5 adders
  An adder zombie (D:6)
  An adder skeleton (D:5)
  2 worms (D:2)
  A giant gecko (D:3)
  21 orcs
  A ball python (D:2)
  3 giant cockroaches
  11 goblins
  6 hobgoblins
  4 jackals (D:6)
  9 bats
  2 giant newts
  7 kobolds
  2 quokkas
  A quokka skeleton (D:4)
  4 rats (D:2)
113 creatures vanquished.

Notes
Turn   | Place    | Note
--------------------------------------------------------------
     0 | D:1      | achirane the Deep Elf Fire Elementalist began the quest for the Orb.
     0 | D:1      | Reached XP level 1. HP: 10/10 MP: 6/6
   226 | D:1      | Reached XP level 2. HP: 13/15 MP: 6/8
   300 | D:1      | Learned a level 2 spell: Throw Flame
  1089 | D:2      | Reached XP level 3. HP: 19/19 MP: 5/9
  1191 | D:2      | Noticed Ijyb
  1227 | D:2      | Killed Ijyb
  1227 | D:2      | Reached skill level 4 in Spellcasting
  1385 | D:2      | Reached XP level 4. HP: 15/24 MP: 7/12
  1681 | D:2      | Learned a level 3 spell: Conjure Flame
  1920 | D:2      | Reached skill level 5 in Spellcasting
  2592 | D:3      | Noticed karlkraus's ghost (average MiFi)
  3017 | D:3      | Found a stormy altar of Qazlal.
  3168 | D:3      | Reached skill level 6 in Spellcasting
  3185 | D:3      | Reached XP level 5. HP: 28/28 MP: 8/15
  3611 | D:3      | Noticed Crazy Yiuf
  3638 | D:3      | Killed Crazy Yiuf
  3826 | D:3      | Killed karlkraus's ghost
  3826 | D:3      | Reached XP level 6. HP: 32/32 MP: 1/17
  4038 | D:4      | Found a bloodstained altar of Trog.
  4042 | D:4      | Found a staircase to the Ecumenical Temple.
  4235 | Temple   | Entered the Ecumenical Temple
  4394 | Temple   | Became a worshipper of Sif Muna the Loreminder
  4400 | Temple   | Learned a level 4 spell: Sticky Flame
  4579 | D:4      | Reached skill level 5 in Conjurations
  4606 | D:4      | Reached skill level 5 in Fire Magic
  4718 | D:4      | Noticed Eustachio
  4873 | D:4      | Found Ebliq's Antique Weapon Emporium.
  4909 | D:4      | Noticed a wyvern
  4960 | D:4      | Killed a wyvern
  4960 | D:4      | Reached XP level 7. HP: 30/36 MP: 8/18
  5185 | D:4      | Found a burning altar of Makhleb.
  5227 | D:4      | Learned a level 5 spell: Fireball
  5359 | D:4      | Killed Eustachio
  5359 | D:4      | Acquired Sif Muna's first power
  5568 | D:5      | Entered Level 5 of the Dungeon
  6404 | D:5      | Found a snail-covered altar of Cheibriados.
  6404 | D:5      | Found a glowing silver altar of Zin.
  6684 | D:5      | Reached XP level 8. HP: 41/41 MP: 16/19
  6991 | D:6      | Reached skill level 7 in Spellcasting
  7094 | D:6      | Acquired Sif Muna's second power
  7143 | D:6      | Reached skill level 8 in Spellcasting
  7237 | D:6      | Slain by a killer bee

Vault maps used:
D:1:      dpeg_arrival_simpleton_c, hex_tiny
D:2:      guppyfry_early_orc_mine, uniq_iyjb
D:3:      nicolae_overflow_crystal_walls, first_bread, uniq_crazy_yiuf_cottage
D:4:      overflow_temple_1_default, makhleb_heckhound_becter,
          minmay_temple_entry_butterflies, serial_shops, shop, uniq_eustachio
D:5:      amethyst_overflow_temple_binary
D:6:      minmay_flawed_box, old_standard_altar,
          nicolae_gozag_cash_rules_everything_around_me, kennysheep_doodads
Temple:   jpeg_temple_alley_garden_8

Action                   |  1- 3 |  4- 6 |  7- 9 || total
-------------------------+-------+-------+-------++-------
Melee: Club              |     5 |       |       ||     5
       Spear             |       |     4 |     1 ||     5
Throw: Stone             |       |     5 |       ||     5
 Cast: Flame Tongue      |    40 |    62 |    51 ||   153
       Throw Flame       |    12 |    65 |    24 ||   101
       Conjure Flame     |       |    11 |     3 ||    14
       Sticky Flame      |       |     1 |     6 ||     7
       Fireball          |       |       |     3 ||     3
  Use: Scroll            |       |       |     4 ||     4
       Potion            |       |       |     1 ||     1
 Stab: Sleeping          |       |     1 |       ||     1
  Eat: Chunk             |     1 |    12 |     3 ||    16
       Meat ration       |       |       |     1 ||     1
       Beef jerky        |       |       |     1 ||     1
